Map: Backwater LE

Players

BootyJorts - Winner!

  • Race: Zerg Zerg
  • League: Diamond
  • Spawn Location: 11:00

Galeforce

  • Race: Zerg Zerg
  • League: Diamond
  • Spawn Location: 5:00

VOD

Have the link to the VOD?

Description

zvz vs galeforce

Time

  • Played on: April 30, 2018, 4:14 a.m.
  • Length: 20:35
Show
View Real Time Build Order
Export as new Build Order

BootyJorts Zerg - Winner!

Build Orders: Pool First, Lurkers, Swarm Host 

Get SALT Encoding   

  12  0:00  Drone  
  13  0:09  Extractor  
  12  0:24  Spawning Pool  
  11  0:30  Drone  
  11  0:34  Drone  
  13  0:41  Drone  
  14  0:52  Overlord  
  14  1:10  Metabolic Boost  
  14  1:12  Zergling x4  
  14  1:17  Zergling x2  
  17  1:24  Zergling x2  
  18  1:31  Baneling Nest  
  17  1:35  Zergling x2  
  18  1:46  Zergling x2  
  19  1:54  Queen  
  19  2:00  Zergling x2  
  22  2:08  Overlord  
  22  2:15  Baneling x2  
  17  2:46  Baneling x4  
  17  2:48  Zergling x2  
  17  2:49  Zergling x4  
  19  3:15  Hatchery  
  19  3:17  Zergling x2  
  19  3:20  Drone  
  19  3:26  Drone x2  
  22  3:31  Drone  
  23  3:43  Drone  
  24  3:51  Drone  
  24  3:52  Drone x2  
  24  3:54  Drone  
  28  4:05  Drone  
  28  4:31  Drone x3  
  26  4:35  Drone  
  26  4:36  Queen, Roach Warren  
  29  4:40  Zergling x2  
  29  4:41  Zergling x2  
  31  4:48  Spore Crawler  
  31  4:49  Zergling x4  
  31  4:51  Zergling x2  
  33  4:56  Zergling x2  
  34  5:00  Baneling x2  
  34  5:02  Drone  
  34  5:03  Drone  
  35  5:22  Drone  
  35  5:24  Overlord x2  
  35  5:26  Lair  
  36  5:28  Extractor  
  36  5:30  Extractor  
  36  5:32  Extractor, Drone x2  
  36  5:33  Drone  
  36  5:39  Overlord  
  38  5:53  Spine Crawler  
  38  5:56  Evolution Chamber x2  
  35  6:00  Roach x2  
  35  6:02  Evolution Chamber  
  35  6:03  Drone  
  39  6:10  Drone x2  
  41  6:19  Drone x3  
  41  6:20  Drone  
  45  6:28  Drone x3  
  48  6:36  Roach  
  48  6:37  Roach  
  52  6:46  Infestation Pit  
  52  6:47  Drone x2, Extractor  
  52  6:48  Extractor  
  52  6:49  Drone  
  52  6:51  Drone  
  52  6:53  Drone  
  54  6:57  Drone  
  54  6:58  Drone  
  56  7:07  Glial Reconstitution  
  56  7:09  Roach x2  
  60  7:15  Overlord x2  
  60  7:26  Nydus Network  
  59  7:33  Drone  
  59  7:35  Drone x4  
  64  7:49  Swarm Host  
  64  7:50  Swarm Host x3  
  76  7:53  Overlord  
  76  8:00  Overseer  
  76  8:05  Overlord x2  
  76  8:13  Swarm Host  
  76  8:14  Swarm Host  
  82  8:20  Nydus Canal  
  82  8:23  Drone x3  
  85  8:27  Drone  
  85  8:32  Queen, Hatchery  
  87  8:49  Roach x4  
  87  8:50  Roach x2  
  87  8:52  Zerg Missile Weapons Level 1  
  87  8:55  Nydus Canal  
  99  9:02  Drone  
  100  9:08  Spire  
  99  9:23  Zerg Ground Armor Level 1  
  98  9:24  Roach x2  
  98  9:27  Overlord x3  
  100  9:34  Nydus Canal  
  100  9:35  Overlord x2  
  96  10:06  Roach x4  
  96  10:07  Roach x8  
  118  10:13  Roach  
  110  10:14  Roach x2  
  96  10:22  Mutalisk  
  96  10:23  Mutalisk x2  
  95  10:41  Roach  
  95  10:42  Roach x7  
  80  10:58  Mutalisk  
  77  11:16  Drone x3  
  77  11:17  Drone  
  77  11:18  Drone x2  
  83  11:24  Drone x5  
  88  11:33  Queen  
  88  11:38  Spore Crawler  
  88  11:39  Extractor  
  86  11:40  Extractor  
  86  11:46  Mutalisk x4  
  81  11:51  Drone x3  
  88  11:55  Drone x2  
  88  11:56  Queen  
  88  11:59  Drone  
  93  12:05  Hydralisk Den  
  92  12:12  Zerg Missile Weapons Level 2  
  85  12:17  Drone  
  85  12:18  Drone x4  
  80  12:31  Nydus Network  
  77  12:39  Drone x6  
  83  12:46  Lurker Den  
  82  12:56  Hydralisk x4  
  90  13:01  Queen, Drone x2  
  94  13:06  Drone x2  
  96  13:20  Drone x8  
  102  13:54  Hydralisk x10  
  102  13:55  Hydralisk  
  120  14:03  Nydus Canal  
  120  14:12  Mutalisk  
  120  14:13  Mutalisk x2  
  122  14:35  Drone x2  
  124  14:40  Lurker x4  
  122  14:53  Zergling x2  
  122  14:54  Zergling x16  
  128  15:04  Hydralisk  
  127  15:12  Zergling x4  
  127  15:13  Centrifical Hooks  
  129  15:22  Nydus Canal  
  129  15:25  Lurker  
  129  15:27  Overlord x5  
  130  15:31  Zerg Ground Armor Level 2  
  128  15:50  Overlord x3  
  128  15:53  Lurker x2  
  128  15:54  Lurker x4  
  128  15:56  Zergling x20  
  144  16:09  Nydus Canal  
  144  16:15  Extractor  
  144  16:16  Hatchery  
  144  16:18  Overseer  
  142  16:19  Extractor  
  142  16:24  Baneling  
  142  16:25  Baneling x10  
  137  16:45  Hydralisk x5  
  147  16:54  Drone  
  147  16:55  Drone x2  
  147  16:56  Drone  
  147  16:57  Drone x8  
  147  16:59  Hive  
  159  17:10  Nydus Canal  
  159  17:21  Overseer x2  
  159  17:23  Baneling  
  159  17:24  Baneling x5  
  118  17:52  Hydralisk  
  118  17:53  Hydralisk x9  
  136  18:01  Hydralisk  
  136  18:02  Hydralisk x2  
  142  18:07  Zergling x2  
  142  18:08  Zergling x22  
  149  18:23  Hydralisk  
  149  18:24  Hydralisk x6  
  142  18:48  Pneumatized Carapace  
  141  18:53  Grooved Spines  
  141  18:55  Baneling  
  141  18:56  Baneling x13  
  141  18:57  Baneling  
  141  19:08  Hatchery  
  140  19:25  Lurker x5  
  145  19:34  Nydus Canal  
  145  19:35  Overseer  
  145  19:47  Unknown x14  
  145  19:54  Extractor x2  
Show
View Real Time Build Order
Export as new Build Order

Galeforce Zerg 

Build Orders: Hatch First 

Get SALT Encoding   

  12  0:01  Drone  
  13  0:16  Overlord  
  13  0:20  Drone  
  14  0:35  Drone x2  
  16  0:39  Drone  
  17  0:56  Hatchery  
  16  0:57  Drone  
  17  1:15  Spawning Pool  
  17  1:16  Drone  
  17  1:17  Drone  
  18  1:26  Overlord  
  18  1:39  Drone  
  19  1:45  Drone  
  20  1:58  Drone  
  21  2:01  Queen  
  23  2:09  Zergling x4  
  27  2:17  Spine Crawler  
  27  2:18  Zergling x2  
  27  2:24  Zergling x2  
  28  2:35  Zergling x2  
  21  2:50  Drone  
  22  2:54  Hatchery  
  21  3:01  Drone  
  20  3:19  Queen  
  22  3:40  Zergling x2  
  22  3:41  Zergling x4  
  24  3:50  Zergling x8  
  29  4:05  Overlord x2  
  28  4:20  Queen, Hatchery  
  26  4:31  Drone x3  
  28  4:40  Extractor  
  28  4:41  Extractor  
  28  4:44  Roach Warren  
  25  4:50  Drone  
  26  4:55  Queen  
  28  5:06  Drone x2  
  28  5:15  Drone  
  27  5:36  Queen  
  29  5:43  Drone x6  
  35  5:59  Overlord  
  35  6:04  Drone x3  
  35  6:09  Evolution Chamber  
  37  6:11  Evolution Chamber  
  36  6:19  Drone x4, Roach Warren  
  39  6:32  Drone x4  
  42  6:48  Extractor  
  42  6:51  Roach  
  42  6:52  Roach x5  
  53  7:01  Hatchery  
  52  7:04  Zerg Missile Weapons Level 1  
  52  7:08  Lair  
  52  7:20  Zerg Ground Armor Level 1  
  52  7:21  Overlord  
  52  7:26  Overlord  
  52  7:27  Drone  
  52  7:28  Drone x3  
  56  7:41  Drone x6  
  62  7:58  Overlord  
  62  7:59  Overlord x2  
  62  8:10  Glial Reconstitution  
  62  8:12  Roach x3  
  72  8:13  Roach x2  
  72  8:15  Overlord  
  72  8:17  Overlord  
  72  8:19  Roach  
  74  8:34  Roach x6  
  86  9:01  Roach x10  
  106  9:32  Roach x4  
  114  9:44  Zerg Missile Weapons Level 2  
  114  9:49  Overlord x3  
  114  10:05  Roach  
  114  10:06  Overlord x2  
  106  10:16  Queen x3  
  106  10:20  Overseer  
  108  10:26  Hatchery  
  105  10:32  Roach x2  
  105  10:33  Roach x8  
  105  10:34  Overlord  
  107  10:44  Roach x3  
  109  10:52  Queen  
  109  11:01  Drone x9  
  112  11:08  Drone x2  
  94  11:31  Hydralisk Den  
  94  11:32  Spore Crawler  
  92  11:34  Spore Crawler  
  92  11:35  Spore Crawler  
  92  11:39  Hatchery  
  87  11:47  Roach x10  
  99  12:01  Hydralisk  
  99  12:02  Hydralisk x2  
  103  12:19  Drone x10  
  103  12:20  Drone x6  
  117  12:25  Extractor  
  117  12:29  Extractor  
  107  12:30  Extractor  
  100  12:45  Hydralisk x5  
  104  13:08  Queen  
  106  13:18  Hydralisk x4  
  106  13:19  Hydralisk x3  
  119  13:35  Spore Crawler  
  119  13:40  Extractor  
  117  13:41  Extractor  
  117  13:42  Hydralisk x7  
  114  14:10  Roach x3  
  114  14:11  Roach x14  
  146  14:17  Spore Crawler  
  143  14:35  Roach x7  
  157  14:47  Muscular Augments  
  155  15:03  Overlord  
  155  15:05  Overseer x3  
  151  15:17  Ravager  
  151  15:18  Ravager x3  
  155  15:38  Infestation Pit  
  155  15:42  Roach  
  162  15:43  Roach x5  
  165  15:59  Grooved Spines  
  163  16:09  Lurker Den  
  162  16:14  Overlord x4  
  162  16:17  Hive  
  162  16:19  Spire  
  162  16:20  Hatchery  
  160  16:35  Ravager x4  
  160  16:36  Ravager x3  
  167  16:54  Hatchery  
  135  17:47  Overseer  
  135  17:48  Overseer x3  
  82  17:54  Roach x4  
  82  17:55  Roach x17  
  77  18:38  Roach x4  
  77  18:39  Roach x5  
  90  18:46  Roach x2  
  90  18:47  Roach  
  96  18:55  Greater Spire  
  94  19:10  Roach  
  94  19:11  Drone x7  
  103  19:45  Hatchery  
  102  19:57  Hydralisk x7  
Tags
 
Add a new tag
Caveats
  • Supply blocks, unpowered buildings, or Contaminate may cause inaccurate times.
  • Supply counts are checked every 10 seconds.